 Dungeon Crawl Stone Soup version 0.25-a0-2-g6559c6c (webtiles) character file.

Game seed: 16005161644587730990, levelgen mode: deterministic

834 2tousent the Covert (level 7, 0/33 HPs)
             Began as a Felid Wanderer on Oct 13, 2019.
             Was an Initiate of Dithmenos.
             Succumbed to a worker ant's poison
             ... on level 6 of the Dungeon on Oct 14, 2019.
             The game lasted 00:28:17 (8873 turns).

2tousent the Covert (Felid Wanderer)                Turns: 8873, Time: 00:28:17

Health: 0/33       AC:  2    Str: 11    XL:     7   Next: 66%
Magic:  1/8        EV: 16    Int: 14    God:    Dithmenos [......]
Gold:   287        SH:  0    Dex: 17    Spells: 0/6 levels left
                                        Lives:  0   Deaths: 2

rFire    . . .     SeeInvis +     - Unarmed
rCold    . . .     Gourm    .   (shield unavailable)
rNeg     . . .     Faith    .   (armour unavailable)
rPois    .         Spirit   .   (helmet unavailable)
rElec    .         Reflect  .   (cloak unavailable)
rCorr    .         Harm     .   (gloves unavailable)
MR       +....                  (boots unavailable)
Stlth    +++++.....             o - amulet of inaccuracy (curse)
HPRegen  0.11/turn              e - +3 ring of strength
MPRegen  0.11/turn              (no ring)

@: lethally poisoned (0 -> -9), quick
A: very small, no armour, no weapons or thrown items, stealth, claws 1, fangs 3,
see invisible, carnivore, speed 1, shaggy fur 2, slow metabolism 1, sharp paws
a: Renounce Religion


You were on level 6 of the Dungeon.
You worshipped Dithmenos.
Dithmenos was noncommittal.
You were not hungry.

You visited 2 branches of the dungeon, and saw 9 of its levels.

You collected 287 gold pieces.

Inventory:

Jewellery
 e - a +3 ring of strength (left paw)
 o - a cursed amulet of inaccuracy (around neck)
 t - an uncursed amulet of faith
Wands
 p - a wand of polymorph (11)
 s - a wand of random effects (13)
Scrolls
 g - a scroll of fog
 h - 2 scrolls of amnesia
 i - 2 scrolls of teleportation
 n - a scroll of magic mapping
Potions
 a - 4 potions of berserk rage
 b - 2 potions of curing
 c - 2 potions of lignification
 f - 2 potions of heal wounds
 j - 2 potions of flight
 k - a potion of degeneration {unknown}
 l - a potion of invisibility
 m - a potion of magic
 q - 2 potions of mutation
 r - a potion of brilliance
 u - a potion of ambrosia
 v - a potion of haste {unknown}
Comestibles
 d - 11 rations
 w - a chunk of flesh


   Skills:
 - Level 5.0 Fighting
 + Level 1.4 Dodging
 + Level 9.8 Stealth
 * Level 9.1 Unarmed Combat
 + Level 5.0 Hexes


You couldn't memorise any spells.
You knew the following spells:

 Your Spells              Type           Power        Failure   Level  Hunger
a - Confuse               Hex            ##......     11%         3    ####...
b - Dazzling Spray        Conj/Hex       #.....       30%         3    ####...

Your spell library contained the following spells:

 Spells                   Type           Power        Failure   Level  Hunger
 Corona                   Hex            ##.....      3%          1    ##.....
 Tukima's Dance           Hex            ##......     11%         3    ####...
 Ensorcelled Hibernation  Hex/Ice        #.....       16%         2    ###....
 Magic Dart               Conj           #...         28%         1    ##.....
 Summon Butterflies       Summ           #.......     28%         1    ##.....
 Summon Small Mammal      Summ           #...         28%         1    ##.....
 Poisonous Vapours        Pois/Air       #.....       41%         2    ###....
 Searing Ray              Conj           #.....       41%         2    ###....
 Recall                   Summ/Tloc      N/A          65%         3    ####...
 Fulminant Prism          Conj/Hex       #.........   71%         4    #####..
 Force Lance              Conj/Tloc      #.......     96%         4    #####..
 Iskenderun's Mystic Bla  Conj           #.......     96%         4    #####..


Dungeon Overview and Level Annotations

Branches:
Dungeon (8/15)             Temple (1/1) D:6
   Lair: D:8-11

Altars:
Ashenzari
Cheibriados
Dithmenos
Elyvilon
Fedhas
Gozag
Kikubaaqudgha
Makhleb
Okawaru
Qazlal
Sif Muna
Vehumet
Wu Jian
Xom
Yredelemnul
Zin
The Shining One

Annotations:
D:8 Grum


Innate Abilities, Weirdness & Mutations

You cannot wear armour.
You are incapable of wielding weapons or throwing items.
Your paws allow you to move quietly. (Stealth)
You have sharp claws.
You have razor-sharp teeth.
You have supernaturally acute eyesight. (SInv)
You are carnivorous and can eat meat at any time.
You cover ground quickly.
You are covered in thick fur. (AC +2)
You have a slow metabolism.
Your sharp claws are effective at attacking unaware monsters.


Message History

You feel sick. The worker ant bites you.
* * * LOW HITPOINT WARNING * * *
You are more poisoned.
The worker ant poisons you!
* * * LOW HITPOINT WARNING * * *
You feel sick.
* * * LOW HITPOINT WARNING * * *
You feel sick.
The worker ant waves its antennae.
* * * LOW HITPOINT WARNING * * *
You feel sick.
* * * LOW HITPOINT WARNING * * *
You feel sick.
* * * LOW HITPOINT WARNING * * *
You feel sick.
The helpless orc fails to defend itself.
You eviscerate the orc!!!
You kill the orc!
Dithmenos accepts your kill.
You die...

#...§....≈≈§
#...≈#+≈.#≈ ...#
#...≈≈≈≈≈≈# ....#
#..≈§#≈§>≈# ....#
#..§≈#§§.≈#..≈..#
#..≈.#§≈≈≈ §≈...#
#....#≈#≈##≈§...#
#..≈....≈≈§§§...#
#.......).@.....#
#.......a....≈..#
######....).....#
############


You could see a worker ant.

Vanquished Creatures
  Grinder (D:3)
  Eustachio (D:5)
  A water moccasin (D:5)
  2 ice beasts (D:5)
  A sky beast (D:7)
  A phantom (D:7)
  3 centaurs
  A scorpion (D:4)
  3 howler monkeys
  2 crimson imps (D:6)
  2 hounds (D:4)
  3 orc priests
  Jessica (D:3)
  A bullfrog skeleton (D:7)
  5 worker ants
  4 orc wizards
  12 adders
  3 shadow imps
  An ooze (D:7)
  An adder skeleton (D:5)
  A worm (D:2)
  4 leopard geckos
  33 orcs
  A ball python (D:2)
  7 bats
  4 giant cockroaches
  8 goblins
  2 hobgoblins
  12 jackals
  13 kobolds
  2 quokkas
  7 frilled lizards
  A jackal skeleton (D:6)
  A leopard gecko skeleton (D:6)
  3 quokka skeletons
  A quokka zombie (D:7)
  7 rats
156 creatures vanquished.

Notes
Turn   | Place    | Note
-------+----------+-------------------------------------------
     0 | D:1      | 2tousent the Felid Wanderer began the quest for the Orb.
     0 | D:1      | 2tousent set off with the following items: a potion of
                  | berserk rage, a potion of curing, a potion of
                  | lignification, a ration
     0 | D:1      | Reached XP level 1. HP: 9/9 MP: 2/2
     2 | D:1      | Noticed a demonspawn
     4 | D:1      | Noticed a vine stalker
     4 | D:1      | Noticed a dwarf
     6 | D:1      | Noticed a spriggan
     6 | D:1      | Noticed a draconian
     8 | D:1      | Noticed a ghoul
     8 | D:1      | Noticed an elf
    10 | D:1      | Noticed a gargoyle
    10 | D:1      | Noticed a human
    12 | D:1      | Noticed an octopode
    12 | D:1      | Noticed a formicid
    14 | D:1      | Noticed a demigod
    14 | D:1      | Noticed a minotaur
    16 | D:1      | Noticed a merfolk
    18 | D:1      | Noticed a felid
    20 | D:1      | Noticed an ogre
    22 | D:1      | Noticed a vampire
    22 | D:1      | Noticed a halfling
    24 | D:1      | Noticed a troll
    24 | D:1      | Noticed a tengu
    26 | D:1      | Noticed a naga
    26 | D:1      | Noticed a centaur
   446 | D:1      | Reached XP level 2. HP: 11/13 MP: 3/3
  1561 | D:2      | Reached XP level 3. HP: 16/16 MP: 4/4
  2360 | D:3      | Reached XP level 4. HP: 16/20 MP: 5/5
  2386 | D:3      | Reached skill level 5 in Unarmed Combat
  2509 | D:3      | Noticed Jessica
  2512 | D:3      | Killed Jessica
  2790 | D:3      | Reached XP level 5. HP: 24/24 MP: 6/6
  2949 | D:3      | Noticed Grinder
  2959 | D:3      | Killed Grinder
  2959 | D:3      | Gained mutation: You are covered in thick fur. (AC +2)
                  | [Felid growth]
  2959 | D:3      | Reached XP level 6. HP: 4/28 MP: 7/7
  4383 | D:4      | Reached XP level 7. HP: 32/32 MP: 8/8
  4889 | D:5      | Entered Level 5 of the Dungeon
  5070 | D:5      | You fall into a shaft and drop 3 floors!
  5226 | D:8      | Noticed a wyvern
  5259 | D:8      | Noticed Grum
  5388 | D:7      | Learned a level 3 spell: Confuse
  5622 | D:7      | Reached skill level 1 in Hexes
  5622 | D:7      | Reached XP level 8. HP: 36/36 MP: 9/9
  5635 | D:7      | Reached skill level 5 in Fighting
  6308 | D:5      | Identified Voiston's Almanac of Toxic Companions
  6316 | D:5      | Noticed Eustachio
  6342 | D:5      | Slain by Eustachio
  6343 | D:5      | Reached XP level 7. HP: 0/33 MP: 8/8
  6641 | D:4      | Learned a level 3 spell: Dazzling Spray
  6648 | D:5      | Killed Eustachio
  6788 | D:5      | Shot with an arrow by a centaur
  6789 | D:5      | Reached XP level 6. HP: 0/30 MP: 7/7
  6813 | D:5      | Reached XP level 7. HP: 25/33 MP: 8/8
  8102 | D:6      | Found a basalt altar of Yredelemnul.
  8346 | D:5      | Reached skill level 1 in Dodging
  8718 | D:6      | Found a staircase to the Ecumenical Temple.
  8731 | D:6      | Reached skill level 5 in Hexes
  8738 | Temple   | Entered the Ecumenical Temple
  8782 | Temple   | Became a worshipper of Dithmenos the Shadowed
  8853 | D:6      | Found a stormy altar of Qazlal.
  8871 | D:6      | HP: 1/33 [poisoned by a worker ant]
  8873 | D:6      | Succumbed to a worker ant's poison

Levels and vault maps discovered:
D:1:      kb_arrival_jail, layout_loops_corners, chequers_serial_rivers_micro_b,
          minmay_tromino_i2
D:2:      layout_basic
D:3:      layout_loops_corners, minmay_goblin_kobold_house, uniq_jessica,
          uniq_grinder
D:4:      layout_layer_cave, first_ration
D:5:      layout_basic, uniq_eustachio
D:6:      layout_rooms, yredelemnul_altar_generic, minmay_temple_entry_statues,
          nicolae_qazlal_general_emergency
D:7:      layout_basic
D:8:      layout_rooms, uniq_grum
Temple:   regret_index_temple_sigil_plot

Skill      XL: |  1  2  3  4  5  6  7  8 |
---------------+-------------------------+-----
Stealth        | 6 7 8 9 |  9.8
Unarmed Combat | 5 6 9 8 |  9.1
Fighting       | 3 4 5 |  5.0
Hexes          | 5 3 |  5.0
Dodging        | 1 |  1.4

Action                   |  1- 3 |  4- 6 |  7- 9 || total
-------------------------+-------+-------+-------++-------
Melee: Unarmed           |    81 |   108 |   258 ||   447
       Bite              |     4 |     8 |    19 ||    31
       Punch             |       |     4 |    10 ||    14
 Cast: Confuse           |       |       |     6 ||     6
       Dazzling Spray    |       |       |     5 ||     5
Evoke: Wand              |     2 |     5 |     3 ||    10
  Use: Scroll            |     5 |       |     8 ||    13
 Stab: Sleeping          |    13 |    12 |    17 ||    42
       Distracted        |       |     1 |     1 ||     2
       Confused          |       |       |     3 ||     3
       Invisible         |       |       |     1 ||     1
  Eat: Chunk             |    10 |     3 |    15 ||    28
Armor: Skin              |     8 |     5 |    17 ||    30
Dodge: Dodged            |    47 |    61 |   135 ||   243

Table legend:
 A = Non-vault XP
 B = Vault XP
 C = Vault XP percentage of total XP
 D = Non-vault monster count
 E = Vault monster count
 F = Vault count percentage of total count
                 A         B        C        D         E       F
            +---------+---------+-------+---------+---------+-------
      Total |    2319 |     509 |  18.0 |     145 |      11 |   7.1
            +---------+---------+-------+---------+---------+-------
        D:1 |      35 |       2 |   5.4 |      22 |       2 |   8.3
        D:2 |      59 |       0 |   0.0 |      13 |       0 |   0.0
        D:3 |     114 |     316 |  73.5 |      20 |       8 |  28.6
        D:4 |     364 |       0 |   0.0 |      22 |       0 |   0.0
        D:5 |     846 |     191 |  18.4 |      31 |       1 |   3.1
        D:6 |     218 |       0 |   0.0 |      19 |       0 |   0.0
        D:7 |     539 |       0 |   0.0 |      13 |       0 |   0.0
        D:8 |     144 |       0 |   0.0 |       5 |       0 |   0.0
            +---------+---------+-------+---------+---------+-------
